[Event "Late-Titled-Tuesday-Blitz-May-28-2024"]
[Site "Chess.com"]
[Date "2024.05.28"]
[Round "8"]
[White "HowTo2Draw"]
[Black "TigrVShlyape"]
[Result "0-1"]
[WhiteElo "2607"]
[BlackElo "2916"]
[TimeControl "180+1"]
[EndTime "15:27:44 PDT"]
[Termination "TigrVShlyape won on time"]

1. d4 f5 2. g3 Nf6 3. Bg2 g6 4. Nf3 Bg7 5. O-O O-O 6. c4 c6 7. d5 d6 8. Nc3 e5 9. dxe6 Bxe6 10. Bf4 Bxc4 11. Qxd6 Qxd6 12. Bxd6 Re8 13. Rfe1 Nbd7 14. Rac1 Nb6 15. b3 Ba6 16. a4 Nfd5 17. Nxd5 Nxd5 18. Ng5 Nc3 19. e4 Ne2+ 20. Rxe2 Bxe2 21.
exf5 gxf5 22. Bc5 Rad8 23. Bxa7 Rd1+ 24. Rxd1 Bxd1 25. Bf1 Bxb3 26. a5 Re1 27. Kg2 Bd5+ 28.
f3 h6 29. Nh3 Bxf3+ 30. Kf2 Ra1 31. Nf4 Bd5 32. Nxd5 cxd5 33. Bb6 Bc3 34. Bd3 Bxa5 35. Bd4 Ra2+ 36. Ke3 Ra3 37. Ke2 Bc3 38. Bc5 Ra5 39. Be3 Kg7 0-1

[Event "Late-Titled-Tuesday-Blitz-May-28-2024"]
[Site "Chess.com"]
[Date "2024.05.28"]
[Round "8"]
[White "Chaubunagungamaug1"]
[Black "rhungaski"]
[Result "0-1"]
[WhiteElo "2465"]
[BlackElo "2608"]
[TimeControl "180+1"]
[EndTime "15:27:44 PDT"]
[Termination "rhungaski won by resignation"]

1. d4 g6 2. c4 Bg7 3. e4 d6 4. Nc3 e5 5. dxe5 dxe5 6. Qxd8+ Kxd8 7. Be3 Be6 8. Nf3 f6 9. O-O-O+ Nd7 10. Kc2 Nh6 11.
h3 c6 12. b3 Kc7 13. g4 Nf7 14. Be2 b6 15. Nd5+ Kb7 16. Kb2 Nc5 17. Bxc5 bxc5 18.
Nc3 Rhd8 19. Na4 Bf8 20. Bd3 Kc7 21. Bc2 Be7 22. Kc3 Ng5 23. Rxd8 Rxd8 24. Ne1 Bf7 25. h4 Ne6 26. Nd3 Rd4 27. f3 Bf8 28. Rh2 Kd6 29.
Rd2 Bh6 30. Rd1 Be3 31. Re1 Bh6 32. Rd1 Bf8 33. Rd2 Be7 34. Rd1 Bd8 35. Rd2 Ba5+ 36. b4 cxb4+ 37. Kb3 c5 38. Re2 Kc6 39. Nab2 Rd8 40.
a4 Nd4+ 0-1

[Event "Late-Titled-Tuesday-Blitz-May-28-2024"]
[Site "Chess.com"]
[Date "2024.05.28"]
[Round "8"]
[White "giovannibrandao7"]
[Black "giomar27"]
[Result "0-1"]
[WhiteElo "2287"]
[BlackElo "2466"]
[TimeControl "180+1"]
[EndTime "15:27:45 PDT"]
[Termination "giomar27 won by resignation"]

1. e4 e5 2. Nf3 Nc6 3. Bb5 a6 4. Ba4 Bc5 5. O-O Nge7 6. c3 Ba7 7. d4 Ng6 8. Bxc6 dxc6 9. Nxe5 Nxe5 10. dxe5 Qe7 11.
Bf4 O-O 12. Nd2 Be6 13. h3 Rad8 14. Qc2 Qh4 15. Bh2 f5 16. Nf3 Qh5 17. Rad1 Rxd1 18.
Rxd1 fxe4 19. Qxe4 Bd5 20. Qg4 Qxg4 21. hxg4 Bxf3 22.
gxf3 Rxf3 23. Rd8+ Kf7 24. Rd7+ Ke6 25. Rxc7 Rxf2 26.
Rxb7 Rf7+ 27. Rxa7 Rxa7 28. Kf2 Rb7 29. b3 Rb5 30.
Ke3 Rd5 31. Ke2 Ra5 32. a4 Rd5 33. b4 a5 34. Ke3 axb4 35. cxb4 Rd1 36. b5 cxb5 37.
axb5 Rb1 38. Kf4 Rxb5 39. Ke4 g5 40. Bg3 Rb4+ 41. Kf3 Rb3+ 42. Kg2 Kd5 43. Kh2 Rxg3 44. Kxg3 Kxe5 45. Kf3 Kd4 0-1

[Event "Late-Titled-Tuesday-Blitz-May-28-2024"]
[Site "Chess.com"]
[Date "2024.05.28"]
[Round "8"]
[White "maximnovik"]
[Black "Mikhail_Bryakin"]
[Result "1-0"]
[WhiteElo "2567"]
[BlackElo "2820"]
[TimeControl "180+1"]
[EndTime "15:27:48 PDT"]
[Termination "maximnovik won by resignation"]

1. e4 e5 2. Nf3 d5 3. d4 dxe4 4.
Nxe5 Be6 5. Nc3 Nf6 6. Bg5 Bb4 7.
Be2 h6 8. Bh4 g5 9. Bg3 Nd5 10.
Qd2 Nc6 11. a3 Bxc3 12. bxc3 Nxe5 13. Bxe5 f6 14. Bg3 c6 15. h4 Kf7 16. Rb1 b5 17. c4 Nb6 18. cxb5 Rc8 19. Qa5 Qe7 20. bxc6 Rxc6 21. hxg5 fxg5 22. Bh5+ Kg8 23. O-O Qd7 24. d5 Nxd5 25. Be5 Kh7 26. Bxh8 Kxh8 27. Rfd1 Rd6 28.
Rb8+ Kg7 29. Ra8 Kf6 30. Rxa7 Qc8 31. Qd2 Qc5 32. Ra5 Qb6 33. c4 Nf4 34. Qc3+ Ke7 35. Qg7+ Kd8 36. Ra8+ Bc8 37. Qf8+ 1-0

[Event "Late-Titled-Tuesday-Blitz-May-28-2024"]
[Site "Chess.com"]
[Date "2024.05.28"]
[Round "8"]
[White "Dolphin_2010"]
[Black "RantomOpening"]
[Result "1-0"]
[WhiteElo "2762"]
[BlackElo "2583"]
[TimeControl "180+1"]
[EndTime "15:27:50 PDT"]
[Termination "Dolphin_2010 won by resignation"]

1. d4 d5 2. c4 e6 3. Nc3 Nf6 4. Bf4 Bd6 5. Bxd6 Qxd6 6. e3 c6 7. Nf3 Nbd7 8. c5 Qe7 9. Be2 e5 10. O-O e4 11. Nd2 Nf8 12. b4 Ng6 13. a4 h5 14. Kh1 Ng4 15. h3 Qh4 16. Qe1 Nf6 17.
f4 Qxe1 18. Rfxe1 Ne7 19. Kg1 Nf5 20. Kf2 h4 21. b5 Bd7 22. Nb3 Rg8 23. Na5 Rb8 24.
Rab1 Ke7 25. Rb2 g5 26. fxg5 Rxg5 27. bxc6 Rbg8 28. Bf1 Bxc6 29. Nxc6+ bxc6 30. Rb7+ Kf8 31. Rb8+ Ke7 32. Rxg8 Rxg8 33. Rb1 Rg3 34. Rb7+ Kf8 35. Nd1 Rg5 36. Rxa7 Ng3 37. Ke1 Nfh5 38. a5 Nxf1 39.
Kxf1 Rf5+ 40. Ke1 Ng3 41. Nf2 Rg5 42. a6 f5 43. Rb7 f4 44. a7 1-0

[Event "Late-Titled-Tuesday-Blitz-May-28-2024"]
[Site "Chess.com"]
[Date "2024.05.28"]
[Round "8"]
[White "RespectfulDaveOnYouTube"]
[Black "JanMur7"]
[Result "1-0"]
[WhiteElo "2479"]
[BlackElo "2304"]
[TimeControl "180+1"]
[EndTime "15:27:50 PDT"]
[Termination "RespectfulDaveOnYouTube won by resignation"]

1. e4 g6 2. d4 Bg7 3. f4 c5 4.
c3 cxd4 5. cxd4 d5 6. e5 f6 7. Nf3 Nc6 8. Nc3 a6 9. h3 fxe5 10. fxe5 Bf5 11. Bd3 Bxd3 12. Qxd3 e6 13. Ng5 Qd7 14.
O-O Nh6 15. Na4 Qe7 16. Nc5 Nxe5 17. Qg3 Nf5 18. Rxf5 exf5 19. Nge6 Nc6 20. Bg5 Bxd4+ 21. Kh1 Bf6 22. Re1 Kf7 23. Bxf6 Qxf6 24. Ng5+ Kg7 25.
Re6 Qd8 26. Rxc6 bxc6 27. Nce6+ Kf6 28. Nxd8 Raxd8 29. h4 Rd7 30. Qc3+ Ke7 31. Qxh8 Kd6 32. Qf8+ Kc7 33. Ne6+ Kb7 34. Nc5+ Kb6 35. Nxd7+ Kb5 36.
Ne5 Ka4 37. Qd6 Ka5 38. Qxc6 Kb4 39. Qb7+ Kc5 40. Qc7+ Kd4 41. Nc6+ Ke3 42. Na5 1-0

[Event "Late-Titled-Tuesday-Blitz-May-28-2024"]
[Site "Chess.com"]
[Date "2024.05.28"]
[Round "8"]
[White "crazycheesecake"]
[Black "Roedor"]
[Result "0-1"]
[WhiteElo "2128"]
[BlackElo "2329"]
[TimeControl "180+1"]
[EndTime "15:27:53 PDT"]
[Termination "Roedor won by checkmate"]

1. Nf3 Nf6 2. c4 g6 3. g3 Bg7 4. Bg2 O-O 5. O-O d6 6. Nc3 Nc6 7. d3 e5 8. Rb1 a5 9. a3 Nh5 10. b4 axb4 11. axb4 f5 12. b5 Ne7 13. Qb3 h6 14.
Ba3 Be6 15. b6 c6 16. Qb4 c5 17. Qb3 Nc6 18. Nb5 e4 19. dxe4 fxe4 20. Nd2 d5 21. Nc7 Nd4 22. Qd1 Bg4 23. Bxc5 Nxe2+ 24. Kh1 Nexg3+ 25. fxg3 Bxd1 26. Rfxd1 Ra2 27. Bxf8 Qxf8 28.
cxd5 e3 29. Ne4 e2 30. Rd3 Ra1 31. Rxa1 Bxa1 32. Re3 Qf1+ 33. Bxf1 exf1=Q# 0-1

[Event "Late-Titled-Tuesday-Blitz-May-28-2024"]
[Site "Chess.com"]
[Date "2024.05.28"]
[Round "8"]
[White "joksijoksi"]
[Black "aval7an"]
[Result "0-1"]
[WhiteElo "2526"]
[BlackElo "2679"]
[TimeControl "180+1"]
[EndTime "15:27:54 PDT"]
[Termination "aval7an won by resignation"]

1. d4 Nf6 2. c4 e6 3. Nf3 d5 4. Nc3 c5 5. cxd5 Nxd5 6. e4 Nxc3 7. bxc3 cxd4 8. cxd4 Bb4+ 9. Bd2 Bxd2+ 10. Qxd2 O-O 11. Bd3 b6 12. O-O Bb7 13. Rfd1 Nd7 14. Rac1 h6 15. Qf4 Rc8 16. d5 Qf6 17. Qd6 Nc5 18. Bb1 Rfd8 19. Qg3 exd5 20. e5 Qe7 21. Nd4 Ne4 22. Nf5 Nxg3 23.
Nxe7+ Kf8 24. Nxc8 Ne2+ 25. Kf1 Ba6 26. Nxa7 Nxc1+ 27. Ke1 Ne2 28. Nc6 Rc8 29. Nb4 Bc4 30. Nxd5 Bxd5 31. Kxe2 Bxg2 32. Bf5 Ra8 33. Bd7 Rxa2+ 34.
Ke3 Ra3+ 35. Ke2 Bf3+ 36. Kd2 Bxd1 0-1

[Event "Late-Titled-Tuesday-Blitz-May-28-2024"]
[Site "Chess.com"]
[Date "2024.05.28"]
[Round "8"]
[White "Romkachess"]
[Black "Timurist"]
[Result "0-1"]
[WhiteElo "2559"]
[BlackElo "2415"]
[TimeControl "180+1"]
[EndTime "15:27:55 PDT"]
[Termination "Timurist won by resignation"]

1. e4 c5 2. Nf3 Nc6 3. Bb5 g6 4. O-O Bg7 5. Bxc6 dxc6 6. d3 Bg4 7. h3 Bxf3 8. Qxf3 Nf6 9. Nc3 O-O 10. Be3 b6 11.
Rad1 Qc7 12. Qe2 Ne8 13. f4 f5 14. e5 e6 15. d4 cxd4 16. Rxd4 Rf7 17. Rfd1 Bf8 18.
R4d3 Qb7 19. Qf3 Rc8 20. h4 Ng7 21. Nb5 cxb5 22. Qh3 Rxc2 23. Rd8 Rc8 24. h5 Nxh5 25.
Qh4 Rc2 26. Qg5 Kg7 27. Re8 Be7 28. Rxe7 Qxe7 29. Qf6+ Nxf6 30. exf6+ 0-1

[Event "Late-Titled-Tuesday-Blitz-May-28-2024"]
[Site "Chess.com"]
[Date "2024.05.28"]
[Round "8"]
[White "TheDiscoOne"]
[Black "TheAlienParty"]
[Result "0-1"]
[WhiteElo "2503"]
[BlackElo "2392"]
[TimeControl "180+1"]
[EndTime "15:27:57 PDT"]
[Termination "TheAlienParty won on time"]

1. c4 e5 2. g3 f5 3. Nc3 Nf6 4. Nf3 d6 5. d4 e4 6. Nh4 d5 7. Bg5 dxc4 8. e3 Be6 9. d5 Bd7 10. Bxc4 h6 11. Bxf6 Qxf6 12. Qh5+ Kd8 13. Ng6 Be8 14.
d6 Bxd6 15. O-O-O Qxg6 16. Qe2 Nd7 17. Nb5 Be5 18. Qc2 a6 19. Nd4 Bf7 20. Rd2 Bxc4 21. Qxc4 Kc8 22. Rhd1 Nb6 23. Qb4 Kb8 24. Kb1 Ka7 25.
Qa5 Bxd4 26. Rxd4 Qf6 27. Qc5 Rad8 28. a4 Rxd4 29. Rxd4 Kb8 30. a5 Nc8 31. Rd7 Qc6 32. Qxf5 g6 33. Qh3 h5 34. Rg7 Rd8 35. Qf1 Rd6 36.
Rg8 Qd5 37. Qh3 Qxg8 0-1

[Event "Late-Titled-Tuesday-Blitz-May-28-2024"]
[Site "Chess.com"]
[Date "2024.05.28"]
[Round "8"]
[White "ChadBiryani"]
[Black "CarlosjPineror"]
[Result "0-1"]
[WhiteElo "2542"]
[BlackElo "2758"]
[TimeControl "180+1"]
[EndTime "15:28:01 PDT"]
[Termination "CarlosjPineror won on time"]

1. d4 Nf6 2. Bg5 d6 3. Nd2 g6 4.
e3 Bg7 5. Be2 O-O 6. h3 c5 7. c3 Nc6 8. Ngf3 Be6 9. O-O Qb6 10.
b3 h6 11. Bh4 g5 12. Bg3 Rac8 13. Nc4 Qd8 14. dxc5 dxc5 15. Qc2 b5 16. Rfd1 Qe8 17.
Nce5 a6 18. a4 Nh5 19. Bh2 Nxe5 20. Nxe5 Bxe5 21. Bxe5 f6 22. Bh2 Qf7 23. axb5 axb5 24. Rab1 c4 25. bxc4 Bxc4 26. Bf3 Ng7 27. Rd7 Rfd8 28.
Qd2 Qe8 29. Rd1 Ne6 30. Bg4 Rxd7 31. Qxd7 Qxd7 32. Rxd7 Ra8 33. Bg3 Kf8 34. Rb7 Nc5 35.
Rc7 Ne4 36. h4 Ra1+ 37. Kh2 Nd2 38. Kh3 Rh1+ 39. Bh2 Nf1 40. Bd7 h5 41. hxg5 fxg5 0-1

[Event "Late-Titled-Tuesday-Blitz-May-28-2024"]
[Site "Chess.com"]
[Date "2024.05.28"]
[Round "8"]
[White "luca_va99"]
[Black "Tol_Tol"]
[Result "1-0"]
[WhiteElo "2191"]
[BlackElo "2336"]
[TimeControl "180+1"]
[EndTime "15:28:01 PDT"]
[Termination "luca_va99 won by checkmate"]

1. e4 c5 2. Nf3 Nc6 3. b4 cxb4 4. d4 e5 5. d5 Nce7 6. Nxe5 d6 7. Nd3 a5 8. a3 bxa3 9. Bxa3 Ng6 10. Nd2 Nf6 11. Be2 Be7 12. O-O O-O 13. f4 b5 14.
Bb2 Bb7 15. f5 Ne5 16. Nxe5 dxe5 17. Bxe5 Re8 18. Bd4 Qd7 19. Bd3 Rec8 20. Qe2 Bc5 21.
Bxc5 Rxc5 22. Nb3 Rc3 23. Bxb5 Qd6 24. Qd2 Rac8 25. Bd3 Ng4 26. g3 Ne5 27. Rxa5 Nxd3 28. cxd3 Rxb3 29. Rc1 Rxc1+ 30. Qxc1 Qb6+ 31. Qc5 Qxc5+ 32. Rxc5 Rxd3 33. Rc7 Rb3 34. d6 Bxe4 35. Rc8# 1-0

[Event "Late-Titled-Tuesday-Blitz-May-28-2024"]
[Site "Chess.com"]
[Date "2024.05.28"]
[Round "8"]
[White "Grebnev_A"]
[Black "rasmussvane"]
[Result "1-0"]
[WhiteElo "2685"]
[BlackElo "2918"]
[TimeControl "180+1"]
[EndTime "15:28:03 PDT"]
[Termination "Grebnev_A won by checkmate"]

1. Nf3 d5 2. e3 e6 3. c4 Nf6 4. Nc3 Bd6 5. b3 O-O 6. Bb2 Re8 7. Rc1 a6 8. d4 b6 9. Bd3 Bb7 10. O-O Nbd7 11. Ne2 dxc4 12. Bxc4 b5 13. Bd3 c5 14. dxc5 Bxc5 15. Ng3 Qe7 16. Qc2 Rac8 17. Qb1 h6 18.
Ne4 Bxe4 19. Bxe4 Ba3 20. Bb7 Rb8 21. Bc6 Rec8 22. Bxd7 Nxd7 23. Nd4 Bxb2 24. Qxb2 Qf6 25. Qa3 e5 26. Nf3 Qe6 27. h3 Nf8 28. Rfd1 Rxc1 29. Rxc1 Ng6 30. Qc5 Rd8 31. Qa7 Rd7 32. Rc7 Rd1+ 33.
Kh2 Ra1 34. Qa8+ Kh7 35. Rc6 Qd5 36. Rxa6 Qd1 37. Qe4 Qh1+ 38. Kg3 Qd1 39. Nxe5 Qd8 40.
Nxg6 Qg5+ 41. Qg4 fxg6 42. Qxg5 hxg5 43. Ra5 Kh6 44. Kg4 b4 45. Ra4 Rb1 46. Rxb4 Rb2 47. a4 Rxf2 48. Kg3 Re2 49. Kf3 Ra2 50. Rb5 Kh5 51.
a5 Kh4 52. b4 g4+ 53. hxg4 g5 54.
g3+ Kh3 55. Rxg5 g6 56. Rxg6 Kh2 57. Rh6+ Kg1 58. g5 Rf2+ 59. Kg4 Kg2 60. g6 Rf8 61. g7 Rf7 62. g8=Q Rf2 63. Qd5+ Kg1 64. Rh1# 1-0

[Event "Late-Titled-Tuesday-Blitz-May-28-2024"]
[Site "Chess.com"]
[Date "2024.05.28"]
[Round "8"]
[White "AryanTari"]
[Black "lachesisQ"]
[Result "0-1"]
[WhiteElo "3020"]
[BlackElo "3074"]
[TimeControl "180+1"]
[EndTime "15:28:05 PDT"]
[Termination "lachesisQ won by resignation"]

1. e4 Nf6 2. e5 Nd5 3. d4 d6 4.
Nf3 dxe5 5. Nxe5 g6 6. Bc4 c6 7. O-O Bg7 8. h3 O-O 9. Re1 Nd7 10. Nf3 b5 11. Bb3 a5 12. a4 N7b6 13. c3 h6 14. Nbd2 b4 15. Ne4 Bf5 16. Bd2 Bxe4 17. Rxe4 e6 18. Qc1 h5 19. Ne5 Rc8 20. c4 Nf6 21.
Bg5 Qc7 22. Re1 c5 23. dxc5 Nbd7 24. Nxd7 Nxd7 25. Bh6 Nxc5 26. Bc2 Qe7 27. Bxg7 Kxg7 28. Re5 b3 29. Bb1 Qf6 30. Qe3 Rfd8 31. f4 Rd1+ 32. Kh2 h4 33. Qg3 hxg3+ 0-1

[Event "Late-Titled-Tuesday-Blitz-May-28-2024"]
[Site "Chess.com"]
[Date "2024.05.28"]
[Round "8"]
[White "SoCalJuniorChess"]
[Black "LUISMIGUELOV"]
[Result "0-1"]
[WhiteElo "2203"]
[BlackElo "2223"]
[TimeControl "180+1"]
[EndTime "15:28:06 PDT"]
[Termination "LUISMIGUELOV won by resignation"]

1. d4 d5 2. Nc3 c6 3. Bf4 Bf5 4. e3 Qb6 5. a3 Nd7 6. Na4 Qa5+ 7. c3 Qd8 8. Nf3 b5 9. Nc5 Nxc5 10. dxc5 e6 11. b4 a5 12. Bd3 Ne7 13. Bd6 Bxd3 14. Qxd3 Nf5 15. Bxf8 Kxf8 16. O-O Qf6 17. Nd4 Nxd4 18.
cxd4 g6 19. Rfb1 axb4 20. axb4 Kg7 21. Ra3 Rxa3 22. Qxa3 e5 23. Rd1 Re8 24. h3 h5 25.
Qd3 exd4 26. Qxd4 Re4 27. Qxf6+ Kxf6 28. Rd4 Rxd4 29. exd4 Kf5 30. f3 Kf4 31. Kf2 h4 32. Ke1 Kg3 33. Kf1 g5 34. Kg1 f6 35. Kf1 f5 36. Kg1 g4 37. fxg4 fxg4 38. hxg4 Kxg4 39. Kh2 Kg5 40. Kh3 Kh5 41. Kh2 Kg4 42. Kg1 Kg3 43.
Kf1 h3 44. gxh3 Kxh3 45. Kf2 Kg4 46. Ke3 Kg3 47. Ke2 Kf4 48. Kd3 Kf3 49. Kc2 Ke4 50. Kc3 Ke3 51. Kc2 Kxd4 52. Kd2 Kc4 0-1

[Event "Late-Titled-Tuesday-Blitz-May-28-2024"]
[Site "Chess.com"]
[Date "2024.05.28"]
[Round "8"]
[White "Veleamater"]
[Black "ValeriyGrinev"]
[Result "0-1"]
[WhiteElo "2451"]
[BlackElo "2586"]
[TimeControl "180+1"]
[EndTime "15:28:07 PDT"]
[Termination "ValeriyGrinev won on time"]

1. g3 c5 2. Bg2 d5 3. d3 Nf6 4. Nf3 Nc6 5. O-O g6 6. Nc3 Bg7 7. e4 dxe4 8. dxe4 O-O 9. h3 b6 10. Be3 Bb7 11. Nd2 Qc7 12. f4 Rad8 13. e5 Nh5 14. g4 Nxf4 15. Bxf4 Nxe5 16. Qe2 Bxg2 17. Kxg2 Qc6+ 18. Nf3 Nxf3 19. Qxf3 Qc8 20. Rad1 e5 21. Bg5 f6 22. Bh4 Rd4 23. Nd5 Qe6 24. Ne3 Qxa2 25. b3 Qa6 26. Nd5 e4 27. Qe3 Qb7 28. Rxd4 cxd4 29. Qxd4 f5 30. Qc4 Kh8 31. gxf5 gxf5 32.
Nf4 Be5 33. Qe6 Qg7+ 34. Kh2 Rg8 35. Kh1 e3 36. Re1 e2 37. Qxf5 Qb7+ 0-1

[Event "Late-Titled-Tuesday-Blitz-May-28-2024"]
[Site "Chess.com"]
[Date "2024.05.28"]
[Round "8"]
[White "Synctel"]
[Black "egnfanclub"]
[Result "0-1"]
[WhiteElo "2080"]
[BlackElo "2328"]
[TimeControl "180+1"]
[EndTime "15:28:08 PDT"]
[Termination "egnfanclub won on time"]

1. d4 d5 2. Nf3 Nf6 3. e3 Bf5 4. c4 c6 5. Nc3 e6 6. Qb3 Qb6 7. c5 Qxb3 8. axb3 Be7 9. b4 a6 10. b5 Ne4 11. b6 f6 12. Nb5 cxb5 13. Bxb5+ Kd8 14. Nh4 Bg6 15. f3 Ng5 16. Kf2 Be8 17.
Be2 Nc6 18. Bd2 Bd7 19. b4 Rb8 20. g4 e5 21. Bc3 exd4 22. exd4 Ne6 23. Ng2 Nexd4 24.
Bxd4 Nxd4 25. Bd3 Bb5 26. Bb1 Nc6 27. Nf4 Nxb4 28. Ne6+ Kd7 29. Nxg7 Bxc5+ 30. Kg2 Bxb6 31. Bf5+ Kd6 32. Rhe1 Bd7 33. Bxd7 Kxd7 34. f4 Nc2 35. Red1 Nxa1 36. Rxd5+ Kc6 37. Rd1 Nb3 38. Nf5 Rbd8 39. Ne7+ Kc7 0-1

[Event "Late-Titled-Tuesday-Blitz-May-28-2024"]
[Site "Chess.com"]
[Date "2024.05.28"]
[Round "8"]
[White "kingofthenil"]
[Black "nihalsarin"]
[Result "0-1"]
[WhiteElo "2945"]
[BlackElo "3253"]
[TimeControl "180+1"]
[EndTime "15:28:10 PDT"]
[Termination "nihalsarin won by resignation"]

1. Nf3 d5 2. e3 Nf6 3. c4 c6 4.
Nc3 a6 5. Qc2 g6 6. d4 Bg7 7.
Be2 O-O 8. O-O Bg4 9. Qb3 Ra7 10. h3 Bxf3 11. Bxf3 e6 12. a4 a5 13. Bd2 Na6 14.
Ne2 dxc4 15. Qxc4 Nd5 16. e4 Ndb4 17. Be3 Ra8 18. Rfd1 Qe7 19. Rac1 Rfd8 20. g3 Rac8 21. h4 Qf8 22. h5 Bh6 23. hxg6 hxg6 24. Bxh6 Qxh6 25.
Kg2 Kg7 26. Rh1 Qg5 27. Rh4 Rh8 28. Rch1 Rxh4 29. Rxh4 Rh8 30. Rg4 Qd2 31. Nf4 Qe1 32. Rh4 Rxh4 33. gxh4 Qd2 34. Nxe6+ fxe6 35. Qxe6 Qxd4 36.
Qe7+ Kh6 37. e5 Qf4 38. e6 Nd3 39.
Qe8 Kg7 40. Qd7+ Kf6 41. e7 Ne1+ 42. Kf1 Nc7 43. e8=Q Nxe8 44. Qxe8 Nxf3 45. Qf8+ Ke5 46. Qb8+ Ke4 47. Qe8+ 0-1

[Event "Late-Titled-Tuesday-Blitz-May-28-2024"]
[Site "Chess.com"]
[Date "2024.05.28"]
[Round "8"]
[White "Supelyel"]
[Black "KatakuriDono"]
[Result "1-0"]
[WhiteElo "2470"]
[BlackElo "2297"]
[TimeControl "180+1"]
[EndTime "15:28:11 PDT"]
[Termination "Supelyel won by resignation"]

1. c4 c5 2. Nc3 Nc6 3. Nf3 g6 4. g3 Bg7 5. Bg2 e5 6. d3 Nge7 7. Bg5 h6 8. Bxe7 Qxe7 9. O-O O-O 10. Rb1 d6 11. Nd2 f5 12. a3 a5 13. b4 axb4 14. Nd5 Qd8 15. axb4 cxb4 16. Nxb4 Nxb4 17. Rxb4 Ra7 18. Qb3 Qc7 19. Nb1 Bd7 20. Rxb7 Rxb7 21. Qxb7 Qxb7 22. Bxb7 Rb8 23. Bg2 Rb2 24. Re1 Kh7 25.
Nc3 g5 26. Nd5 f4 27. Be4+ Kg8 28. Ra1 Rxe2 29. Ra8+ Kf7 30. Ra7 Ke6 31. Bf3 Re1+ 32. Kg2 h5 33. Bxh5 Kf5 34. g4+ Ke6 35. Bg6 e4 36.
dxe4 Bc6 37. Bf5+ Ke5 38. Rxg7 Bxd5 39. cxd5 Kd4 40. Rxg5 Ra1 41. Rg6 Ra3 42. Rxd6 f3+ 43. Kg3 1-0

[Event "Late-Titled-Tuesday-Blitz-May-28-2024"]
[Site "Chess.com"]
[Date "2024.05.28"]
[Round "8"]
[White "Stanbad1"]
[Black "Cambek64"]
[Result "1-0"]
[WhiteElo "2679"]
[BlackElo "2526"]
[TimeControl "180+1"]
[EndTime "15:28:12 PDT"]
[Termination "Stanbad1 won on time"]

1. d4 b5 2. e4 Bb7 3. Bd3 Nf6 4. f3 a6 5. c3 e6 6. Ne2 d5 7. e5 Nfd7 8. f4 c5 9. O-O Nc6 10. f5 cxd4 11. cxd4 Qb6 12. fxe6 fxe6 13. Kh1 O-O-O 14.
Nf4 Re8 15. Be3 Ndxe5 16. Nc3 Nc4 17. Bxc4 dxc4 18. Bg1 Nd8 19. Qh5 Bd6 20. d5 Qc7 21. Nxe6 Nxe6 22. dxe6 Rxe6 23. a4 b4 24. Nd5 Qc6 25.
Rad1 Kb8 26. Qg4 Rg6 27. Qe4 Re8 28. Qd4 Qxd5 29. Qa7+ Kc8 30. Rxd5 Bxd5 31. Rf2 Bc7 32. Qc5 Rg5 33. Qa7 Re1 34. h3 c3 35. bxc3 bxc3 36.
Qxa6+ Kd7 37. Qb5+ Ke7 38. Qc5+ Bd6 39. Qxc3 Rge5 40. Rd2 Ke6 41. a5 R5e2 42. Rxe2+ Rxe2 43. Bc5 Bxg2+ 44. Kg1 1-0

[Event "Late-Titled-Tuesday-Blitz-May-28-2024"]
[Site "Chess.com"]
[Date "2024.05.28"]
[Round "8"]
[White "Love7Unicorn"]
[Black "NMJeevanK"]
[Result "0-1"]
[WhiteElo "2531"]
[BlackElo "2685"]
[TimeControl "180+1"]
[EndTime "15:28:13 PDT"]
[Termination "NMJeevanK won on time"]

1. d4 d5 2. c4 e6 3. g3 Nf6 4. Bg2 Bb4+ 5. Nd2 O-O 6. Nf3 dxc4 7. Qc2 Nc6 8. Qxc4 Re8 9. O-O Bxd2 10. Bxd2 e5 11.
dxe5 Nxe5 12. Nxe5 Rxe5 13. Bf4 Re7 14. Rfd1 Qe8 15.
Rac1 c6 16. Bg5 Re6 17. Rd4 h6 18. Bxf6 Rxf6 19. Rcd1 Be6 20. Qb4 b6 21. Rd6 Rc8 22. Bxc6 Qf8 23. Qa4 Bb3 24. Qxb3 Rxd6 25. Rxd6 Qxd6 26.
Bd5 Qd7 27. Kg2 Rc5 28. e4 Rc7 29. Qf3 Qd6 30. h4 Re7 31. Qc3 Rc7 32. Qf3 Qe5 33.
b3 h5 34. Qe2 g6 35. Qf3 Re7 36. Qd3 Kg7 37. Qc4 Rc7 38. Qd3 Rc3 39. Qd1 Qf6 40. Qe2 Qd4 41. Bc4 Qe5 42. Bd5 Rc5 43. Qf3 Rc7 44. Kg1 b5 45. Kg2 a5 46. a4 b4 47. Qe2 Rc3 48. Kg1 Qd4 49. Kg2 Rd3 50.
Bc4 Rc3 51. Bd5 f5 52. Ba8 fxe4 53. Bxe4 Rxb3 54. Bb7 Qf6 55. Qb5 Qd8 56. Qxa5 Qxa5 0-1

[Event "Late-Titled-Tuesday-Blitz-May-28-2024"]
[Site "Chess.com"]
[Date "2024.05.28"]
[Round "8"]
[White "tgpgoat"]
[Black "glucolisis04"]
[Result "1-0"]
[WhiteElo "2499"]
[BlackElo "2271"]
[TimeControl "180+1"]
[EndTime "15:28:13 PDT"]
[Termination "tgpgoat won by resignation"]

1. Nf3 d5 2. g3 Nf6 3. Bg2 Bf5 4. O-O e6 5. c4 c6 6. cxd5 exd5 7. d4 Nbd7 8. Nc3 Be7 9. Bf4 O-O 10. Ne5 h6 11. a4 Nxe5 12. Bxe5 Nd7 13. Bf4 Bf6 14.
a5 Re8 15. Qa4 Nf8 16. a6 b5 17. Qb4 Ne6 18. Be3 Qb6 19. Rfd1 Bc2 20. Rd2 Be7 21. Qa5 Bg6 22. Qxb6 axb6 23. Nxd5 cxd5 24. Bxd5 Ra7 25. Bc6 Rc8 26. Bxb5 Bb4 27. Rdd1 Nc7 28. Rdc1 Rca8 29. Bc6 Rd8 30. Bb7 Nd5 31. Rc4 Nxe3 32. fxe3 Bd6 33. Rac1 Kh7 34. Rc6 Be4 35. Rxb6 Bxb7 36. axb7 Rb8 37.
Rxd6 Raxb7 38. Kf2 Rxb2 39. Rc7 Rd2 40. Kf3 Rbb2 41. Rdd7 Rxe2 42. Rxf7 Rf2+ 43. Ke4 Rxh2 44. Rxg7+ Kh8 45. Rgd7 Rhf2 46. Rd8+ 1-0

[Event "Late-Titled-Tuesday-Blitz-May-28-2024"]
[Site "Chess.com"]
[Date "2024.05.28"]
[Round "8"]
[White "protectiago"]
[Black "FMalexhdez"]
[Result "0-1"]
[WhiteElo "2114"]
[BlackElo "2275"]
[TimeControl "180+1"]
[EndTime "15:28:13 PDT"]
[Termination "FMalexhdez won by resignation"]

1. d4 Nf6 2. c4 e6 3. g3 Bb4+ 4.
Bd2 Qe7 5. Bg2 a5 6. Nf3 d6 7.
O-O Bxd2 8. Qxd2 Nbd7 9. Nc3 O-O 10. e4 e5 11. Rad1 b6 12. Rfe1 Bb7 13. Nd5 Qd8 14. dxe5 Nxe5 15. Nxe5 dxe5 16. Qc3 Qd6 17. Ne3 Qc5 18. Nf5 Rfd8 19. Qf3 g6 20. Nh6+ Kg7 21. Rxd8 Rxd8 22. h4 Qxc4 23. g4 Bxe4 24. Rxe4 Nxe4 25. g5 Rd2 26. Qxe4 Qxe4 27. Bxe4 Rxb2 28. Bd5 c5 29. Nxf7 Rd2 30. Bb3 a4 31. Bxa4 Kxf7 0-1

[Event "Late-Titled-Tuesday-Blitz-May-28-2024"]
[Site "Chess.com"]
[Date "2024.05.28"]
[Round "8"]
[White "KorolDimitriy75"]
[Black "GP9isback23"]
[Result "1-0"]
[WhiteElo "2454"]
[BlackElo "2668"]
[TimeControl "180+1"]
[EndTime "15:28:15 PDT"]
[Termination "KorolDimitriy75 won by resignation"]

1. d4 Nf6 2. c4 e6 3. Nc3 Bb4 4. Qc2 d5 5. cxd5 exd5 6. Bg5 O-O 7. e3 h6 8. Bh4 Be7 9. Bd3 c6 10. Nge2 Nbd7 11. O-O Re8 12. f3 c5 13. Rad1 cxd4 14. Nxd4 Nc5 15. Bb5 Rf8 16. Nf5 Bxf5 17. Qxf5 Qc8 18.
Qxc8 Raxc8 19. Bxf6 Bxf6 20. Nxd5 a6 21. Nxf6+ gxf6 22. Bd7 Rc7 23. Bf5 Na4 24. Rd2 Re8 25. Kf2 Re5 26. g4 Rb5 27. b3 Nc3 28. Kg3 Ra5 29.
Rff2 Re5 30. e4 Kg7 31. h4 Rec5 32. Rd8 Nb1 33. Re2 Rc2 34. Rxc2 Rxc2 35. e5 fxe5 36. Bxc2 1-0

[Event "Late-Titled-Tuesday-Blitz-May-28-2024"]
[Site "Chess.com"]
[Date "2024.05.28"]
[Round "8"]
[White "Engima32"]
[Black "FredddieCroderg"]
[Result "0-1"]
[WhiteElo "2455"]
[BlackElo "2316"]
[TimeControl "180+1"]
[EndTime "15:28:15 PDT"]
[Termination "FredddieCroderg won by resignation"]

1. Nf3 Nf6 2. g3 d5 3. Bg2 c5 4.
O-O Nc6 5. d4 cxd4 6. Nxd4 e6 7.
Nxc6 bxc6 8. c4 Be7 9. Nc3 O-O 10. e4 Ba6 11. exd5 cxd5 12. b3 dxc4 13. Bxa8 Qxa8 14.
Re1 cxb3 15. axb3 Bb7 16. Be3 Bf3 17. Qc2 Qc8 18. Rxa7 e5 19. Qd3 Bb4 20. Rc1 Qh3 21. Qf1 Qh5 22. h4 Ng4 23. Qd3 e4 24. Nxe4 Ne5 25. Qc4 Nxc4 26. Rxc4 Bxe4 27. Rxe4 Bc5 28. Ra5 Qg6 29. Rf4 Bxe3 30. fxe3 Rb8 31. Raf5 Rxb3 32. Re5 h5 33. Rff5 Qxg3+ 34. Kf1 Rxe3 35. Rxe3 Qxe3 36. Rxh5 Qf3+ 37. Ke1 Qxh5 0-1